 Dungeon Crawl Stone Soup version 0.31-a0-232-gb1c03b2570 (webtiles) character file.

Game seed: 4434262496129497478

103 Shadow1503 the Firebug (level 4, -1/33 HPs)
             Began as a Draconian Fire Elementalist on July 7, 2023.
             Slain by an orc wizard
             ... wielding a +0 dagger
              (3 damage)
             ... on level 3 of the Dungeon.
             The game lasted 00:17:45 (3275 turns).

Shadow1503 the Firebug (DrFE)                       Turns: 3275, Time: 00:17:45

Health: -1/33      AC:  5    Str: 10    XL:     4   Next: 51%
Magic:  7/7        EV: 12    Int: 24    God:
Gold:   170        SH:  0    Dex: 11    Spells: 5/8 levels left

rFire   + + .        c - staff of fire
rCold   + + .        (no shield)
rNeg    . . .        (body armour unavailable)
rPois   +            (helmet restricted)
rElec   +            (no cloak)
rCorr   +            (no gloves)
SInv    .            (no boots)
Will    .....        (no amulet)
Stlth   +            f - ring of protection from cold
HPRegen 0.25/turn    p - +6 ring of intelligence
MPRegen 0.10/turn

%: no passive effects
@: confused, resistant
A: AC +5, unfitting armour, cold-blooded
a: no special abilities


You were on level 3 of the Dungeon.
You visited 1 branch of the dungeon, and saw 4 of its levels.

You collected 170 gold pieces.

Inventory:

Missiles
 o - 3 stones
Magical Staves
 c - a staff of fire (weapon)
 s - the staff of the Ageless Knaves {*Corrode +Blink rElec rC+ Stlth+ Air}
   (You found it on level 3 of the Dungeon)

   [staff of air]

   Base accuracy: +5 Base damage: 5 Base attack delay: 1.2 This weapon's minimum
   attack delay (0.6) is reached at skill level 12.
   rC:        It protects you from cold.
   rElec:     It insulates you from electricity.
   +Blink:    It lets you blink.
   *Corrode:  It may corrode you when you take damage.
   Air:       It increases the power of your Air spells.
   Stlth:     It makes you more stealthy.
   It falls into the 'Staves' category.
   It is a one-handed weapon.
Jewellery
 f - a ring of protection from cold (left hand)
 j - a +6 ring of strength
 p - a +6 ring of intelligence (right hand)
Scrolls
 d - 4 scrolls of identify
 k - 2 scrolls of teleportation
Potions
 a - a potion of magic
 g - 2 potions of degeneration
 l - a potion of ambrosia {unknown}
 m - a potion of enlightenment {unknown}
 t - a potion of heal wounds {unknown}


   Skills:
 + Level 0.3 Fighting
 + Level 0.5 Staves
 + Level 1.9 Dodging
 + Level 2.1 Stealth
 + Level 2.5 Spellcasting
 * Level 2.3 Conjurations
 + Level 4.0 Fire Magic


You had 5 spell levels left.
You knew the following spells:

 Your Spells              Type           Power      Damage    Failure   Level
a - Foxfire               Conj/Fire      100%       2x1d9     3%          1
b - Scorch                Fire           66%        2d8       3%          2

Your spell library contained the following spells:

 Spells                   Type           Power      Damage    Failure   Level
 Inner Flame              Hex/Fire       19%        N/A       16%         3
 Volatile Blastmotes      Fire/Tloc      38%        2d13      16%         3
 Blink                    Tloc           6%         N/A       17%         2
 Ensorcelled Hibernation  Hex/Ice        6%         N/A       17%         2
 Passwall                 Tmut/Erth      2%         N/A       17%         2
 Flame Wave               Conj/Fire      27%        2d9       30%         4
 Swiftness                Air            3%         N/A       34%         3
 Manifold Assault         Tloc           3%         N/A       75%         4
 Storm Form               Tmut/Air       1%         N/A       100%        7


Dungeon Overview and Level Annotations

Branches:
Dungeon (4/15)
 Temple: D:4-7

Altars:
Gozag
Hepliaklqana

Annotations:
D:4 Robin


Innate Abilities, Weirdness & Mutations

Your plain brown scales are hard. (AC +5)
You cannot fit into any form of body armour.
You are cold-blooded and may be slowed by cold attacks.


Message History

The magic dart hits you.
You miss something.
Your tail-slap misses something.
Something hits you.
You miss something. Something hits you but does no damage.
You closely miss something. Something hits you.
You miss something. Something hits you but does no damage.
You hit something but do no damage. Something hits you but does no damage.
You hit something but do no damage.
You hear some strange, mumbled words.
A puff of flame appears from out of thin air!
The puff of flame hits you. You resist.
You closely miss something. Something completely misses you.
Something hits you.
You closely miss something. Something hits you but does no damage.
You hit something. You tail-slap something. Something hits you.
You closely miss something.
You hear some strange, mumbled words.
A magic dart appears from out of thin air!
The magic dart hits you.
* * * LOW HITPOINT WARNING * * *
You closely miss something.
Your tail-slap misses something.
Something hits you.
* * * LOW HITPOINT WARNING * * *
It was a potion of resistance.
You feel protected. Something hits you but does no damage.
You closely miss something.
You hear some strange, mumbled words.
You are confused.
You barely miss something.
Your tail-slap misses something.
Something hits you but does no damage. Something hits you.
* * * LOW HITPOINT WARNING * * *
You barely miss something. Something hits you.
* * * LOW HITPOINT WARNING * * *
You closely miss something.
You hear some strange, mumbled words.
You are more confused.
You bump into the rock wall.
An orc wizard appears from thin air!
Reactivating autopickup.
The orc wizard hits you with a +0 dagger.
You die...

#.# #.# ##.#.## #.# #..
#.# #.# ##.## #.# #.. #.#
#.# #)# #.# ##. #.#
#####.# #.# #.# ## ###.#
#..†..# #.# ###.# ....#
#.##### #.# #...# .####
#.# ##.######.### .#
#.########...>.....#######
.#
#>#...)oo@.#..............
.#
#...######....######.#####
.# ###.#######.#.# #.# #
.## ###.)o....)...#.# #.#
# ..####.....°.........#
#.# #
...........#####.....# #.#
# ..[.....>............#
#.# #
######.....#####.....# #.#
# #.....# #.....## #.# #


You could see an orc wizard and an orc.

Vanquished Creatures
  2 adders (D:3)
  An ufetubus (D:1)
  A worm (D:2)
  2 dart slugs
  3 orcs (D:3)
  5 bats
  7 endoplasms
  A giant cockroach (D:3)
  8 goblins
  10 hobgoblins
  8 jackals
  5 ball pythons
  A frilled lizard (D:3)
  4 kobolds
  2 rats
60 creatures vanquished.

Vanquished Creatures (others)
  A hobgoblin (D:3)
  88 foxfires
89 creatures vanquished.

Grand Total: 149 creatures vanquished

Notes
Turn   | Place    | Note
-------+----------+-------------------------------------------
     0 | D:1      | Shadow1503 the Draconian Fire Elementalist began the quest
                  | for the Orb.
     0 | D:1      | Reached XP level 1. HP: 14/14 MP: 3/3
   567 | D:1      | Reached XP level 2. HP: 20/20 MP: 1/5
   866 | D:1      | Learned a level 2 spell: Scorch
  1154 | D:2      | Found a hazy altar of Hepliaklqana.
  1227 | D:1      | Reached XP level 3. HP: 22/26 MP: 0/6
  1504 | D:2      | Found a faded altar of an unknown god.
  2229 | D:3      | Identified the +5 ring mail of Odeghuj {Slay+3}
  2519 | D:3      | Reached XP level 4. HP: 21/33 MP: 7/7
  2902 | D:3      | Reached skill level 4 in Fire Magic
  2967 | D:3      | Found an opulent altar of Gozag.
  3040 | D:3      | Identified the staff of the Ageless Knaves {*Corrode +Blink
                  | rElec rC+ Stlth+ Air}
  3242 | D:4      | Noticed Robin
  3275 | D:3      | Slain by an orc wizard

Illustrated notes

Levels and vault maps discovered:
D:1:      wheals_arrival_linesprint, layout_rooms, corner_web_ring,
          minmay_misc_feat_diagonals, minmay_crystal_room
D:2:      layout_loops_cross, basic_altar, shapermc_ecumenical_altar_hornbeckon
D:3:      layout_loops_ring, nicolae_gozag_cash_rules_everything_around_me,
          minmay_misc_feat_four_crosses, kennysheep_big_empty_room
D:4:      kennysheep_kobold_camp, layout_cave_pools, temple_fountains,
          uniq_robin

Skill      XL: |  1  2  3  4 |
---------------+-------------+-----
Stealth        | 2 |  2.1
Conjurations   | 2 |  2.3
Fire Magic     | 4 |  4.0
Fighting       | |  0.3
Staves         | |  0.5
Dodging        | |  1.9
Spellcasting   | |  2.5

Action                     |  1- 3 |  4- 6 || total
---------------------------+-------+-------++-------
  Melee: Unarmed           |     4 |       ||     4
         Tailslap          |     4 |     3 ||     7
         Staff             |    31 |    42 ||    73
   Cast: Foxfire           |    41 |     9 ||    50
         Scorch            |    19 |     7 ||    26
    Use: Scroll            |       |     8 ||     8
         Potion            |       |     1 ||     1
   Stab: Sleeping          |     2 |     1 ||     3
 Armour: Skin              |    19 |    21 ||    40
  Dodge: Dodged            |    40 |    52 ||    92

Table legend: (Time is in decaauts)
 A = Elapsed time spent in this place.
 B = Non-inter-level travel time spent in this place.
 C = Inter-level travel time spent in this place.
 D = Time resting spent in this place.
 E = Time spent auto-exploring this place.
 F = Levels seen in this place.
 G = Mean time per level.
                   A        B        C        D        E       F      G
               +--------+--------+--------+--------+--------+-----+--------+
         Total |   3295 |   3122 |    173 |    736 |   1813 |   4 |  823.8 |
       Dungeon |   3295 |   3122 |    173 |    736 |   1813 |   4 |  823.8 |
               +--------+--------+--------+--------+--------+-----+--------+

Top non-repeatable levels by time:
     D:2: 1292 daAuts
     D:3: 1053 daAuts
     D:1: 927 daAuts
     D:4: 22 daAuts
